 Dungeon Crawl Stone Soup version 0.17-b1-15-g0f5fb43 (webtiles) character file.

119 tp1 the Conjurer (level 4, -3/24 HPs)
             Began as a Deep Elf Fire Elementalist on Nov 2, 2015.
             Was an Initiate of Vehumet.
             Slain by an orc
             ... wielding a +0 whip
              (8 damage)
             ... on level 3 of the Dungeon.
             The game lasted 00:11:37 (2425 turns).

tp1 the Conjurer (Deep Elf Fire Elementalist)       Turns: 2425, Time: 00:11:37

Health: -3/24      AC:  4    Str:  5      XL:     4   Next: 73%
Magic:  1/10       EV: 13    Int: 21      God:    Vehumet [......]
Gold:   85         SH:  0    Dex: 14 (15) Spells: 3 memorised, 2 levels left

rFire  . . .     SeeInvis .     o - -3 hand axe (curse)
rCold  . . .     Clarity  .     a - +0 robe
rNeg   . . .     SustAt   .     (no shield)
rPois  .         Gourm    .     m - +0 helmet
rElec  .         Spirit   .     (no cloak)
rCorr  .         Warding  .     n - +0 pair of gloves
rMut   .         Stasis   .     (no boots)
MR     .....                    (no amulet)
Stlth  ++........               (no ring)
                                (no ring)

@: flying, not resistant to hostile enchantments, unstealthy
A: no striking features
a: Renounce Religion


You were on level 3 of the Dungeon.
You worshipped Vehumet.
Vehumet was noncommittal.
You were not hungry.

You visited 2 branches of the dungeon, and saw 5 of its levels.

You collected 85 gold pieces.

Inventory:

Hand Weapons
 g - a +0 dagger
 o - a cursed -3 hand axe (weapon)
 r - a +0 dagger of speed
Armour
 a - a +0 robe (worn)
 m - a +0 helmet (worn)
 n - a +0 pair of gloves (worn)
Scrolls
 d - a scroll of teleportation {unknown}
 e - 5 scrolls of identify {unknown}
 f - a scroll of enchant weapon {unknown}
 i - a scroll of remove curse {unknown}
 l - a scroll of recharging {unknown}
 p - a scroll of amnesia {unknown}
Potions
 h - a potion of curing
 q - a potion of degeneration
Books
 b - a book of Flames

   Spells                             Type                      Level
   a - Flame Tongue                   Conjuration/Fire             1
   b - Throw Flame                    Conjuration/Fire             2
   c - Conjure Flame                  Conjuration/Fire             3
   d - Inner Flame                    Hexes/Fire                   3
   e - Sticky Flame                   Conjuration/Fire             4
   f - Fireball                       Conjuration/Fire             5
Comestibles
 c - 3 bread rations


   Skills:
 - Level 2.4 Dodging
 - Level 2.4 Stealth
 + Level 3.0 Spellcasting
 - Level 4.2 Conjurations
 - Level 4.2 Fire Magic


You had 2 spell levels left.
You knew the following spells:

 Your Spells              Type           Power        Failure   Level  Hunger
a - Flame Tongue          Conj/Fire      ###..        1%          1    None
b - Conjure Flame         Conj/Fire      ###.....     10%         3    ###....
c - Inner Flame           Hex/Fire       ##......     21%         3    ###....


Dungeon Overview and Level Annotations

Branches:
Dungeon (4/15)             Temple (1/1) D:4

Altars:
Cheibriados
Dithmenos
Nemelex Xobeh
Ru
Sif Muna
Trog
Vehumet
Zin
The Shining One


Message History

It was a potion of degeneration.
There was something very wrong with that liquid.
You feel clumsy. The orc barely misses you. x2
The orc closely misses you.
Drink which item? (? for menu, Esc to quit)
It was a potion of flight.
You feel very buoyant.
You fly up into the air.
The orc hits you with a club!
* * * LOW HITPOINT WARNING * * *
The orc misses you. The orc barely misses you.
Casting: Flame Tongue
Confirm with . or Enter, or press ? or * to list all spells.
Aiming: Flame Tongue
Press: ? - help, Shift-Dir - straight line, f/p - orc
Aim: an orc, wielding a club and wearing a scale mail (severely wounded)
The flame tongue hits the orc.
The orc appears unharmed.
The orc is severely wounded.
The orc hits you with a whip!
You die...

#=..)..# #(..>..###
#.........
####...(.....
#..'.........
#.##....(....
#######'##(....?...
#..o...............
#.@o...............
#..o...(...........
#.........#########
#.........#
###########


You could see 3 orcs.

Vanquished Creatures
  Ijyb (D:1)
  An orc priest (D:4)
  2 adders (D:2)
  A worm (D:2)
  3 giant geckos
  An orc (D:4)
  4 giant cockroaches
  3 goblins (D:2)
  5 hobgoblins
  5 kobolds
  5 bats
  3 giant newts
  4 jackals (D:2)
  A rat (D:4)
39 creatures vanquished.

Vanquished Creatures (others)
  A kobold (D:4)
1 creature vanquished.

Grand Total: 40 creatures vanquished

Notes
Turn   | Place    | Note
--------------------------------------------------------------
     0 | D:1      | tp1 the Deep Elf Fire Elementalist began the quest for the Orb.
     0 | D:1      | Reached XP level 1. HP: 10/10 MP: 6/6
   168 | D:1      | Reached XP level 2. HP: 15/15 MP: 5/8
   880 | D:2      | Noticed Ijyb
   926 | D:1      | Killed Ijyb
   926 | D:1      | Reached XP level 3. HP: 11/19 MP: 0/9
  1226 | D:2      | Reached skill level 4 in Conjurations
  1455 | D:2      | Reached XP level 4. HP: 24/24 MP: 6/10
  1460 | D:2      | Learned a level 3 spell: Conjure Flame
  1464 | D:2      | Learned a level 3 spell: Inner Flame
  2315 | D:2      | You fall through a shaft for 2 floors!
  2320 | D:4      | Found a staircase to the Ecumenical Temple.
  2327 | Temple   | Entered the Ecumenical Temple
  2340 | Temple   | Became a worshipper of Vehumet
  2425 | D:3      | Slain by an orc

Action                   |  1- 3 |  4- 6 || total
-------------------------+-------+-------++-------
Melee: Hand axe          |       |     6 ||     6
 Cast: Flame Tongue      |    54 |    26 ||    80
  Use: Potion            |       |     3 ||     3
  Eat: Chunk             |     1 |     3 ||     4
